 Dungeon Crawl Stone Soup version 0.28-a0-46-g7b1be97da7 (webtiles) character file.

Game seed: 6259862014020097740

78 gruber the Cudgeller (level 4, -2/39 HPs)
             Began as a Minotaur Fighter on July 30, 2021.
             Slain by Crazy Yiuf (15 damage)
             ... on level 2 of the Dungeon.
             The game lasted 00:01:15 (2058 turns).

gruber the Cudgeller (Minotaur Fighter)             Turns: 2058, Time: 00:01:15

Health: -2/39      AC:  6    Str: 22    XL:     4   Next: 15%
Magic:  0/3        EV:  7    Int:  5    God:
Gold:   96         SH:  9    Dex:  9    Spells: 3/3 levels left

rFire   . . .      SeeInvis .   a - +0 flail
rCold   . . .      Faith    .   c - +0 kite shield
rNeg    . . .      Spirit   .   b - +0 scale mail
rPois   .          Reflect  .   (helmet restricted)
rElec   .          Harm     .   (no cloak)
rCorr   .          Rampage  .   (no gloves)
Will    .....                   (no boots)
Stlth   ..........              (no amulet)
HPRegen 0.13/turn               (no ring)
MPRegen 0.08/turn               (no ring)

@: no status effects
A: horns 2, retaliatory headbutt
a: no special abilities


You were on level 2 of the Dungeon.
You visited 1 branch of the dungeon, and saw 2 of its levels.

You collected 96 gold pieces.

Inventory:

Hand Weapons
 a - a +0 flail (weapon)
Missiles
 j - 7 poisoned darts (quivered)
Armour
 b - a +0 scale mail (worn)
 c - a +0 kite shield (worn)
Jewellery
 e - a ring of positive energy
 k - a ring of wizardry
Scrolls
 g - a scroll of summoning {unknown}
 h - a scroll of noise {unknown}
 i - a scroll of enchant weapon {unknown}
 l - 3 scrolls of identify {unknown}
 m - a scroll of enchant armour {unknown}
Potions
 d - a potion of might
 f - a potion of mutation {unknown}


   Skills:
 - Level 3.6 Fighting
 + Level 5.4 Maces & Flails
 - Level 3.6 Armour
 - Level 3.6 Shields


You had 3 spell levels left.
You didn't know any spells.
Your spell library was empty.

Dungeon Overview and Level Annotations

Branches:
Dungeon (2/15)

Altars:

Annotations:
D:2 Crazy Yiuf


Innate Abilities, Weirdness & Mutations

You have a pair of horns on your head.
You reflexively headbutt those who attack you in melee.


Message History

Crazy Yiuf says, "Blight canine down!"
There is an escape hatch in the ceiling here.
You see here a +0 club.
You see here a +0 leather armour.
There is an escape hatch in the floor here.
Found a stone staircase leading down.
No target in view!
You now have 96 gold pieces (gained 15).
There is a stone staircase leading down here.
There is a stone staircase leading down here.
You see here a frilled lizard skeleton.
There is an escape hatch in the ceiling here.
Crazy Yiuf shouts!
No reachable target in view!
No reachable target in view!
Could not explore, unopened runed door.
You open the door.
Crazy Yiuf grits, "Dawk horse seventy!"
You thump Crazy Yiuf!
Crazy Yiuf is severely wounded.
Crazy Yiuf hits you with a +4 quarterstaff of chaos!
You feel your power leaking away.
You closely miss Crazy Yiuf.
Crazy Yiuf is severely wounded.
Crazy Yiuf drinks a potion.
Crazy Yiuf goes berserk!
You barely miss Crazy Yiuf.
Crazy Yiuf is severely wounded.
Crazy Yiuf closely misses you.
Crazy Yiuf hits you with a +4 quarterstaff of chaos!
You resist with some effort.
Crazy Yiuf hits you with a +4 quarterstaff of chaos.
You are too injured to fight recklessly!
You are too injured to fight recklessly!
You completely miss Crazy Yiuf.
Crazy Yiuf is severely wounded.
You block Crazy Yiuf's attack. Crazy Yiuf barely misses you.
You closely miss Crazy Yiuf. Your headbutt misses Crazy Yiuf.
Crazy Yiuf is severely wounded.
Crazy Yiuf hits you with a +4 quarterstaff of chaos!
You die...

#.# #..##. #.#
##...#. #.#
#...... ##.#
##...#. #..#
#..##. #.########
#..##.
#.#.#P.#.### ###
#..##.
#.......#..##...#
#..##.
#.....P####@g...#
#...(. ##..#.##
###..)# ##.##.
###### ###
####.##.
###.......
#...#.....
###...#### #####


You could see Crazy Yiuf (berserk).

Vanquished Creatures
  Jessica (D:2)
  A gnoll (D:1)
  An adder (D:2)
  3 endoplasms (D:2)
  2 giant cockroaches
  3 hobgoblins
  6 jackals
  5 ball pythons
  A bat (D:1)
  4 frilled lizards
  2 goblins (D:1)
  A kobold (D:2)
  4 rats (D:1)
34 creatures vanquished.

Notes
Turn   | Place    | Note
-------+----------+-------------------------------------------
     0 | D:1      | gruber the Minotaur Fighter began the quest for the Orb.
     0 | D:1      | Reached XP level 1. HP: 19/19 MP: 0/0
    66 | D:1      | Reached skill level 3 in Maces & Flails
   224 | D:1      | Reached XP level 2. HP: 26/26 MP: 1/1
   311 | D:1      | Reached skill level 4 in Maces & Flails
   924 | D:2      | Reached XP level 3. HP: 31/31 MP: 2/2
   937 | D:2      | Noticed Jessica
   948 | D:2      | Killed Jessica
   949 | D:2      | Reached skill level 5 in Maces & Flails
  1261 | D:2      | Reached XP level 4. HP: 16/39 MP: 3/3
  1768 | D:2      | Found a runed translucent door.
  1769 | D:2      | Noticed Crazy Yiuf
  2058 | D:2      | Slain by Crazy Yiuf

Illustrated notes

Levels and vault maps discovered:
D:1:      dpeg_arrival_more_subterranean_lakeside_camping, layout_loops_corners,
          minmay_shallow_snake_nest
D:2:      layout_loops_ring, uniq_crazy_yiuf_cottage, uniq_jessica

Skill      XL: |  1  2  3 |
---------------+----------+-----
Maces & Flails | 3 4 5 |  5.4
Fighting       | |  3.6
Armour         | |  3.6
Shields        | |  3.6

Action                   |  1- 3 |  4- 6 || total
-------------------------+-------+-------++-------
Melee: Flail             |    43 |    22 ||    65
       Headbutt          |     8 |     3 ||    11
Armor: Scale mail        |    21 |     3 ||    24
Dodge: Dodged            |    14 |     8 ||    22
Block: Kite shield       |    23 |     9 ||    32

Table legend: (Time is in decaauts)
 A = Elapsed time spent in this place.
 B = Non-inter-level travel time spent in this place.
 C = Inter-level travel time spent in this place.
 D = Time resting spent in this place.
 E = Time spent auto-exploring this place.
 F = Levels seen in this place.
 G = Mean time per level.
                   A        B        C        D        E       F      G
               +--------+--------+--------+--------+--------+-----+--------+
         Total |   2084 |   2030 |     54 |      0 |   1845 |   2 | 1042.0 |
       Dungeon |   2084 |   2030 |     54 |      0 |   1845 |   2 | 1042.0 |
               +--------+--------+--------+--------+--------+-----+--------+

Top non-repeatable levels by time:
     D:2: 1155 daAuts
     D:1: 929 daAuts
